 Dungeon Crawl Stone Soup version 0.30-a0-782-ge64f9170bb (webtiles) character file.

Game seed: 13953748938822556454

38 theswoord the Twirler (level 3, -1/27 HPs)
             Began as a Demonspawn Gladiator on Mar 16, 2023.
             Slain by a gnoll
             ... wielding a +0 spear
              (3 damage)
             ... on level 3 of the Dungeon.
             The game lasted 00:01:47 (1561 turns).

theswoord the Twirler (Demonspawn Gladiator)        Turns: 1561, Time: 00:01:47

Health: -1/27      AC:  8    Str: 16    XL:     3   Next: 25%
Magic:  3/3        EV: 10    Int:  9    God:
Gold:   224        SH:  0    Dex: 14    Spells: 2/2 levels left

rFire   . . .      SeeInvis .    a - +0 quarterstaff
rCold   . . .      Faith    .    (shield currently unavailable)
rNeg    . . .      Spirit   .    j - +1 scale mail
rPois   .          Reflect  .    c - +0 helmet
rElec   .          Harm     .    (no cloak)
rCorr   .          Rampage  .    (no gloves)
Will    .....                    (no boots) Stlth
                                 (no amulet)
HPRegen 0.24/turn                (no ring)
MPRegen 0.08/turn                (no ring)

@: lethally poisoned (-1 -> -4)
A: demonic magic 1, weakness stinger 1, hooves 1, MP-powered wands
a: no special abilities


You were on level 3 of the Dungeon.
You visited 1 branch of the dungeon, and saw 3 of its levels.

You collected 224 gold pieces.

Inventory:

Hand Weapons
 a - a +0 quarterstaff (weapon)
Missiles
 d - 3 throwing nets (quivered)
 e - a javelin
Armour
 b - a +0 leather armour
 c - a +0 helmet (worn)
 j - a +1 scale mail (worn)
Jewellery
 h - the ring "Vaucotam" {rPois MP+9 Str+3}
   (You found it on level 2 of the Dungeon)

   [ring of poison resistance]

   Str:       It affects your strength (+3).
   rPois:     It protects you from poison.
   MP:        It affects your magic capacity (+9).
Scrolls
 f - a scroll of identify
 i - 2 scrolls of fog
 l - a scroll of immolation
Potions
 g - a potion of invisibility
 k - 2 potions of curing
 n - 2 potions of flight


   Skills:
 - Level 2.0 Fighting
 + Level 4.0 Staves
 - Level 1.7 Throwing
 - Level 2.6 Dodging


You had 2 spell levels left.
You didn't know any spells.
Your spell library was empty.

Dungeon Overview and Level Annotations

Branches:
Dungeon (3/15)

Altars:


Innate Abilities, Weirdness & Mutations

Spells you cast may paralyse adjacent enemies.
You have a small tail.
You have large cloven feet.
You expend magic power (3 MP) to strengthen your wands.


Message History

No target in view!
No target in view!
No target in view!
No target in view!
A quokka comes into view.
A quokka is nearby!
An adder comes into view.
A gnoll comes into view. It is wielding a +0 flail.
The gnoll shouts!
The quokka twitches its whiskers.
The quokka bites you. x2
You sock the quokka!
You kill the quokka!
A gnoll comes into view. It is wielding a +0 spear.
The adder bites you.
You are poisoned.
The adder poisons you! The adder bites you.
You are more poisoned.
The adder poisons you!
You see here a ring of protection from cold.
You closely miss the adder.
You feel very sick.
The gnoll shouts!
You hear a shout!
The adder bites you but does no damage.
You hit the adder but do no damage. Your kick misses the adder.
You feel sick. The adder bites you but does no damage.
You hit the adder but do no damage.
You feel sick. The adder bites you but does no damage.
A gnoll comes into view. It is wielding a +0 spear.
The gnoll barely misses you. The adder barely misses you.
You hit the adder but do no damage.
You feel sick. The adder closely misses you.
The gnoll hits you from afar with a +0 spear!
* * * LOW HITPOINT WARNING * * *
The gnoll closely misses you.
You hit the adder. You kick the adder.
* * * LOW HITPOINT WARNING * * *
You feel sick. The adder closely misses you.
The gnoll hits you from afar with a +0 spear.
You die...

....# #.# .#
..#..##.#####.#
..............
#...........#
#........#.#
#g........#
..####.g†.......
#.....S@.....#
.........##.##
#.#......##.#
#####.....# #......##
#.......###
........#...#######
##......#......>..###
.........##..........


You could see 2 gnolls and an adder.

Vanquished Creatures
  4 dart slugs
  4 ball pythons
  2 endoplasms (D:1)
  4 giant cockroaches
  4 goblins
  A hobgoblin (D:1)
  3 quokkas
  A bat (D:1)
  A frilled lizard (D:2)
  A kobold (D:2)
  3 rats
28 creatures vanquished.

Notes
Turn   | Place    | Note
-------+----------+-------------------------------------------
     0 | D:1      | theswoord the Demonspawn Gladiator began the quest for the
                  | Orb.
     0 | D:1      | Reached XP level 1. HP: 16/16 MP: 1/1
   194 | D:1      | Reached skill level 3 in Staves
   239 | D:1      | Gained mutation: You have a small tail. [demonic ancestry]
   239 | D:1      | Reached XP level 2. HP: 18/22 MP: 2/2
   884 | D:2      | Gained mutation: You are weak. (Str -2) [potion of
                  | mutation]
   884 | D:2      | Gained mutation: You are agile. (Dex +4, Str/Int -1)
                  | [potion of mutation]
   885 | D:2      | Lost mutation: You are agile. (Dex +4, Str/Int -1) [potion
                  | of mutation]
   885 | D:2      | Lost mutation: You are weak. (Str -2) [potion of mutation]
   885 | D:2      | Gained mutation: You are vulnerable to cold. (rC-) [potion
                  | of mutation]
   885 | D:2      | Gained mutation: You are robust. (+10% HP) [potion of
                  | mutation]
   886 | D:2      | Lost mutation: You are robust. (+10% HP) [potion of
                  | mutation]
   886 | D:2      | Lost mutation: You are vulnerable to cold. (rC-) [potion of
                  | mutation]
   886 | D:2      | Gained mutation: You have large cloven feet. [potion of
                  | mutation]
   886 | D:2      | Gained mutation: You expend magic power (3 MP) to
                  | strengthen your wands. [potion of mutation]
   975 | D:2      | Gained mutation: Spells you cast may paralyse adjacent
                  | enemies. [demonic ancestry]
   975 | D:2      | Reached XP level 3. HP: 27/27 MP: 3/3
  1194 | D:2      | Identified the ring "Vaucotam" {rPois MP+9 Str+3}
  1543 | D:3      | Reached skill level 4 in Staves
  1561 | D:3      | Slain by a gnoll

Skill      XL: |  1  2  3 |
---------------+----------+-----
Staves         | 3 4 |  4.0
Fighting       | |  2.0
Throwing       | |  1.7
Dodging        | |  2.6

Action                     || total
---------------------------++-------
  Melee: Quarterstaff      ||    59
         Tailslap          ||     3
         Kick              ||     4
    Use: Scroll            ||     9
         Potion            ||     3
 Armour: Scale mail        ||    17
         Leather armour    ||     3
  Dodge: Dodged            ||    34

Levels and vault maps discovered:
D:1:      minmay_arrival_open_corners, layout_basic, minmay_misc_feat_encased
D:2:      layout_loops_corners
D:3:      layout_rooms
